 Dungeon Crawl Stone Soup version 0.32-a0-871-ge202e49faa (webtiles) character file.

Game seed: 7654830705581437516

331 Biggs the Shooter (level 6, -3/44 HPs)
             Began as a Coglin Hunter on Mar 29, 2024.
             Slain by Pikel
             ... wielding a +2 whip of flaming
              (4 damage)
             ... on level 4 of the Dungeon.
             The game lasted 00:04:56 (2465 turns).

Biggs the Shooter (Coglin Hunter)                   Turns: 2465, Time: 00:04:57

Health: -3/44      AC:  3    Str: 11    XL:     6   Next: 51%
Magic:  6/6        EV: 11    Int:  9    God:
Gold:   181        SH:  0    Dex: 19    Spells: 5/5 levels left

rFire   . . .        a - +2 sling {Diego}
rCold   . . .        d - +0 sling {Dalbir}
rNeg    . . .        c - +0 leather armour
rPois   .            (no helmet)
rElec   .            (no cloak)
rCorr   .            (no gloves)
SInv    .            (no boots)
Will    .....        (amulet unavailable)
Stlth   ++           (ring unavailable)
HPRegen 0.27/turn    (ring unavailable)
MPRegen 0.10/turn    (no gizmo)

%: no passive effects
@: revved
A: off-hand wielding, slow wielding, warmup strikes, no jewellery
a: Invent Gizmo


You were on level 4 of the Dungeon.
You visited 1 branch of the dungeon, and saw 4 of its levels.

You collected 181 gold pieces.

Inventory:

Hand Weapons
 a - a +2 sling (weapon) {Diego}
 d - a +0 sling (offhand) {Dalbir}
Missiles
 l - 2 throwing nets
Armour
 c - a +0 leather armour (worn)
Wands
 o - a wand of warping (22)
 t - a wand of charming (8)
Scrolls
 b - a scroll of butterflies
 e - 3 scrolls of identify {unknown}
 j - 3 scrolls of teleportation {unknown}
 m - 2 scrolls of vulnerability {unknown}
 n - 2 scrolls of noise {unknown}
 p - 2 scrolls of enchant armour {unknown}
 q - 2 scrolls of silence {unknown}
 r - 3 scrolls of revelation {unknown}
 s - a scroll of poison {unknown}
Potions
 f - 2 potions of berserk rage {unknown}
 g - 2 potions of enlightenment {unknown}
 h - 2 potions of cancellation {unknown}
 i - 3 potions of curing {unknown}
 k - a potion of attraction {unknown}


   Skills:
 - Level 2.0 Fighting
 + Level 6.9 Ranged Weapons
 - Level 1.7 Dodging
 - Level 0.7 Stealth


You had 5 spell levels left.
You didn't know any spells.
Your spell library contained the following spells:

 Spells                   Type           Power      Damage    Failure   Level
 Lesser Beckoning         Tloc           0%         N/A       63%         2
 Teleport Other           Tloc           0%         N/A       85%         3
 Maxwell's Portable Pile  Tloc           0%         2d(5-10)  99%         4


Dungeon Overview and Level Annotations

Branches:
Dungeon (4/15)
 Temple: D:4-7

Altars:

Annotations:
D:2 1 runed translucent door, Crazy Yiuf
D:4 Pikel


Innate Abilities, Weirdness & Mutations

You can wield a second weapon in your off-hand.
It takes a long time for you to wield or remove held weapons.
Your first few attacks do less damage.
You cannot equip rings or amulets.


Message History

You shoot a sling bullet. The sling bullet hits Pikel.
Pikel is severely wounded.
You shoot a sling bullet.
The sling bullet hits Pikel but does no damage.
Pikel is severely wounded.
Pikel closely misses you. The kobold misses you.
Unknown command.
Fire: a) +2 sling {Diego}
Press: ? - help, Q - select action, (/) - cycle Shift-Dir - straight line, f/p - Pikel
Aim: Pikel, wielding a +2 whip of flaming, wearing a +0 robe and carrying a wand of warping (severely wounded, 59% to hit)
You shoot a sling bullet.
The sling bullet completely misses Pikel.
You shoot a sling bullet.
The sling bullet hits Pikel but does no damage.
Pikel is severely wounded.
Pikel barely misses you. The kobold hits you but does no damage.
Unknown command.
Fire: a) +2 sling {Diego}
Press: ? - help, Q - select action, (/) - cycle Shift-Dir - straight line, f/p - Pikel
Aim: Pikel, wielding a +2 whip of flaming, wearing a +0 robe and carrying a wand of warping (severely wounded, 59% to hit)
You shoot a sling bullet. The sling bullet closely misses Pikel.
You shoot a sling bullet.
The sling bullet hits Pikel but does no damage.
Pikel is severely wounded.
Pikel closely misses you.
The kobold hits you with a +0 short sword.
* * * LOW HITPOINT WARNING * * *
Unknown command.
Fire: a) +2 sling {Diego}
Press: ? - help, Q - select action, (/) - cycle Shift-Dir - straight line, f/p - Pikel
Aim: Pikel, wielding a +2 whip of flaming, wearing a +0 robe and carrying a wand of warping (severely wounded, 59% to hit)
You shoot a sling bullet. The sling bullet closely misses Pikel.
You shoot a sling bullet.
The sling bullet hits Pikel but does no damage.
Pikel is severely wounded.
Pikel hits you with a +2 whip of flaming!
* * * LOW HITPOINT WARNING * * *
Pikel burns you.
You die...
Pikel says, "Another soul for the market."

##### #...# ##### #.#.#
#...############### #.#.#
#...........[.....####)..#
#...#######.#####.......##
##.......# #..# ######....#
#..#####>..#..###.##...#..###
#.....## #....@K.......#....#
#......#####.K###.###..#..####
#.......###..#...#...##..#...#
#.))....##...#..5#...#...#...##
#.....))....###..#...#..###....
##.........#..K#..###..#...#..#
#..<.......#...#...#...#...#..#
###......#...#...##..#...#...##)#
..........###.###..#..###.###..#†


You could see Pikel and a kobold.

Vanquished Creatures
  2 lemures
  A jelly (D:3)
  A bombardier beetle (D:3)
  An orc priest (D:3)
  Natasha (thrice) (D:2)
  4 adders
  4 gnolls (D:2)
  2 ribbon worms
  13 orcs
  4 ball pythons
  7 endoplasms
  2 giant cockroaches (D:1)
  6 goblins
  6 hobgoblins
  3 jackals
  2 quokkas
  9 bats
  6 frilled lizards
  8 kobolds
  3 rats
87 creatures vanquished.

Notes
Turn   | Place    | Note
-------+----------+-------------------------------------------
     0 | D:1      | Biggs the Coglin Hunter began the quest for the Orb.
     0 | D:1      | Reached XP level 1. HP: 16/16 MP: 1/1
   113 | D:1      | Reached skill level 4 in Ranged Weapons
   113 | D:1      | Reached XP level 2. HP: 22/22 MP: 2/2
   383 | D:1      | Reached XP level 3. HP: 27/27 MP: 3/3
   651 | D:2      | Noticed Natasha
   655 | D:2      | Killed Natasha
   764 | D:2      | Reached skill level 5 in Ranged Weapons
   764 | D:2      | Reached XP level 4. HP: 33/33 MP: 4/4
   791 | D:2      | Noticed Natasha
  1033 | D:2      | Killed Natasha
  1071 | D:2      | Reached XP level 5. HP: 38/38 MP: 5/5
  1169 | D:2      | Found a runed translucent door.
  1170 | D:2      | Noticed Crazy Yiuf
  1451 | D:3      | Reached skill level 6 in Ranged Weapons
  1495 | D:3      | Reached XP level 6. HP: 44/44 MP: 6/6
  1755 | D:4      | Noticed Pikel
  1959 | D:2      | Noticed Natasha
  1962 | D:2      | Killed Natasha
  2465 | D:4      | HP: 1/44 [Pikel/+2 whip of flaming (8)]
  2465 | D:4      | Slain by Pikel

Illustrated notes

Levels and vault maps discovered:
D:1:      lightli_arrival_lavapool, layout_loops_ring
D:2:      layout_basic, uniq_crazy_yiuf_cottage, uniq_natasha
D:3:      layout_basic
D:4:      layout_rooms, serial_park_tiny_1, chequers_serial_rivers_micro_b,
          nicolae_titane, uniq_pikel

Skill      XL: |  1  2  3  4  5 |
---------------+----------------+-----
Ranged Weapons | 4 5 6 |  6.9
Fighting       | |  2.0
Dodging        | |  1.7
Stealth        | |  0.7

Action                     |  1- 3 |  4- 6 || total
---------------------------+-------+-------++-------
   Fire: Sling             |   116 |   290 ||   406
 Armour: Leather armour    |     7 |    50 ||    57
  Dodge: Dodged            |     6 |    40 ||    46

Table legend: (Time is in decaauts)
 A = Elapsed time spent in this place.
 B = Non-inter-level travel time spent in this place.
 C = Inter-level travel time spent in this place.
 D = Time resting spent in this place.
 E = Time spent auto-exploring this place.
 F = Levels seen in this place.
 G = Mean time per level.
                   A        B        C        D        E       F      G
               +--------+--------+--------+--------+--------+-----+--------+
         Total |   2496 |   2327 |    169 |    146 |   1733 |   4 |  624.0 |
       Dungeon |   2496 |   2327 |    169 |    146 |   1733 |   4 |  624.0 |
               +--------+--------+--------+--------+--------+-----+--------+

Top non-repeatable levels by time:
     D:2: 786 daAuts
     D:1: 704 daAuts
     D:3: 624 daAuts
     D:4: 381 daAuts
